 Dungeon Crawl Stone Soup version 0.22-a0-419-g492bfec (webtiles) character file.

7384 Kairos the Cleaver (level 10, -12/79 HPs)
             Began as a Demonspawn Gladiator on May 15, 2018.
             Was a High Priest of Okawaru.
             Mangled by a two-headed ogre
             ... wielding a +0 dire flail
              (15 damage)
             ... on level 10 of the Dungeon.
             The game lasted 00:16:45 (10884 turns).

Kairos the Cleaver (Demonspawn Gladiator)          Turns: 10884, Time: 00:16:46

Health: -12/79     AC: 10    Str: 17    XL:     10   Next: 92%
Magic:  10/11      EV: 20    Int:  9    God:    Okawaru [*****.]
Gold:   445        SH:  0    Dex: 16    Spells: 9/9 levels left

rFire    . . .     SeeInvis +   n - +1 hand axe (flame)
rCold    . . .     Gourm    .   (no shield)
rNeg     . . .     Faith    .   (no armour)
rPois    +         Spirit   .   c - +0 helmet
rElec    .         Reflect  .   j - +0 cloak
rCorr    .         Harm     .   p - +1 pair of gloves
MR       .....                  L - +0 pair of boots
Stlth    ++++......             (no amulet)
HPRegen  0.23/turn              e - ring of see invisible
MPRegen  0.12/turn              P - ring of poison resistance

@: heroism
A: hooves 1, yellow scales 2
a: Heroism, Finesse, Renounce Religion


You were on level 10 of the Dungeon.
You worshipped Okawaru.
Okawaru was extremely pleased with you.
You were hungry.

You visited 1 branch of the dungeon, and saw 10 of its levels.
You also visited: Sewer.

You collected 445 gold pieces.

Inventory:

Hand Weapons
 a - a +0 war axe
 n - a +1 hand axe of flaming (weapon)
 o - a +4 dire flail
 C - a +1 whip of freezing
 J - the +4 Vampire's Tooth {vamp}
   (You found it on level 6 of the Dungeon)

   It inflicts no extra harm, but heals its wielder when it wounds a living foe.
 O - a +3 hand crossbow of flaming
Missiles
 d - 4 throwing nets (quivered)
Armour
 c - a +0 helmet (worn)
 j - a +0 cloak (worn)
 p - a +1 pair of gloves (worn)
 x - a +0 plate armour
 K - a +0 chain mail
 L - a +0 pair of boots (worn)
Jewellery
 e - a ring of see invisible (left hand)
 y - an uncursed ring of resist corrosion
 N - an uncursed ring of ice
 P - a ring of poison resistance (right hand)
Wands
 b - a wand of digging (13)
 I - a wand of flame (31)
 M - a wand of iceblast (6)
 Q - a wand of paralysis (6)
Scrolls
 g - 2 scrolls of blinking {unknown}
 h - 4 scrolls of remove curse
 i - 2 scrolls of amnesia {unknown}
 m - 2 scrolls of enchant weapon {unknown}
 q - 2 scrolls of magic mapping {unknown}
 s - 2 scrolls of immolation {unknown}
 t - 10 scrolls of identify {unknown}
 u - 7 scrolls of teleportation {unknown}
 v - 2 scrolls of fear {unknown}
 w - a scroll of enchant armour {unknown}
 F - 3 scrolls of fog {unknown}
Potions
 k - 7 potions of heal wounds
 l - a potion of agility {unknown}
 r - a potion of mutation {unknown}
 z - 3 potions of curing
 A - 7 potions of flight {unknown}
 B - a potion of might {unknown}
 D - a potion of brilliance {unknown}
 E - 4 potions of degeneration {unknown}
 G - a potion of cancellation {unknown}
 H - 2 potions of ambrosia {unknown}
Comestibles
 f - 24 rations


   Skills:
 + Level 7.5(12.5) Fighting
 + Level 10.8(15.8) Axes
 + Level 1.9(6.9) Throwing
 + Level 6.9(11.9) Armour
 + Level 5.8(10.8) Dodging
 + Level 2.0(7.0) Stealth
 + Level 2.1 Invocations


You had 9 spell levels left.
You didn't know any spells.
Your spell library contained the following spells:

 Spells                   Type           Power        Failure   Level  Hunger
 Cause Fear               Hex            #.........   99%         4    #####..
 Slow                     Hex            #.......     52%         2    ###....
 Corona                   Hex            #......      38%         1    ##.....
 Portal Projectile        Hex/Tloc       #.....       77%         3    ####...
 Leda's Liquefaction      Hex/Erth       #.........   99%         4    #####..
 Inner Flame              Hex/Fire       #.......     77%         3    ####...


Dungeon Overview and Level Annotations

Branches:
Dungeon (10/15)            Temple (0/1) D:4
   Lair: D:8-11         Orc: D:9-12

Altars:
Cheibriados
Fedhas
Nemelex Xobeh
Okawaru
Qazlal
Vehumet
Xom
Zin

Shops:
D:5 :   D:9 =


Innate Abilities, Weirdness & Mutations

You have large cloven feet.
You are mostly covered in yellow scales. (AC +3)


Message History

You hit the two-headed ogre. You burn the two-headed ogre.
The two-headed ogre is moderately wounded.
The two-headed ogre misses you. The two-headed ogre barely misses you.
You hit the two-headed ogre. You burn the two-headed ogre.
The two-headed ogre is heavily wounded.
You hit the two-headed ogre but do no damage.
The two-headed ogre is heavily wounded.
You closely miss the crimson imp.
The two-headed ogre hits you with a dire flail!!
* * * LOW HITPOINT WARNING * * *
The two-headed ogre hits you with a giant club!
* * * LOW HITPOINT WARNING * * *
You hit the two-headed ogre. You burn the two-headed ogre.
The two-headed ogre is heavily wounded.
You hit the crimson imp.
The crimson imp blinks!
You slash the two-headed ogre! You burn the two-headed ogre.
The two-headed ogre is almost dead.
The two-headed ogre closely misses you.
The two-headed ogre hits you with a giant club!
You die...

##.
....#############
..................
...................
..............%.....
....................
.................)..
............@†......
............§O......
..........5.........
....................
.......<............
####################


You could see a two-headed ogre and a crimson imp.

Vanquished Creatures
  A centaur warrior (D:9)
  Pikel (D:4)
  A manticore (D:9)
  Maurice (D:8)
  2 tengu conjurers (D:8)
  A troll (shapeshifter) (D:9)
  Grinder (D:6)
  Eustachio (D:4)
  2 hungry ghosts
  A slave (D:3)
  2 orc warriors (D:8)
  2 phantoms
  A sky beast (D:9)
  5 ogres
  A necrophage (D:7)
  2 centaurs
  2 big kobolds
  A crocodile (D:7)
  10 bullfrogs
  A water moccasin zombie (D:7)
  2 scorpions
  A water moccasin skeleton (D:9)
  14 killer bees
  4 howler monkeys
  2 vampire bats (D:6)
  A bullfrog zombie (D:7)
  A centaur zombie (D:5)
  4 crimson imps
  3 orc priests
  2 hounds (D:7)
  10 orc wizards
  A gnoll shaman (D:7)
  Jessica (D:2)
  An iguana (D:5)
  Natasha (D:3)
  Terence (D:2)
  A statue (D:9)
  5 worker ants
  A hound zombie (D:9)
  2 hound skeletons
  A howler monkey zombie (D:3)
  A worker ant zombie (D:8)
  A howler monkey skeleton (D:7)
  11 adders
  12 gnolls
  2 river rats (Sewer)
  A shadow imp (D:5)
  3 oozes
  3 adder skeletons
  A worm (D:5)
  3 dart slugs
  4 leopard geckos
  16 orcs
  A ball python (D:1)
  5 giant cockroaches
  5 hobgoblins
  9 jackals
  9 kobolds
  3 quokkas
  13 bats
  A frilled lizard (D:2)
  3 goblins
  A quokka skeleton (D:5)
  7 rats
213 creatures vanquished.

Notes
Turn   | Place    | Note
-------+----------+-------------------------------------------
     0 | D:1      | Kairos the Demonspawn Gladiator began the quest for the Orb.
     0 | D:1      | Reached XP level 1. HP: 16/16 MP: 1/1
   121 | D:1      | Reached skill level 3 in Axes
   121 | D:1      | Gained mutation: You are partially covered in yellow scales. (AC +2) [demonic ancestry]
   121 | D:1      | Reached XP level 2. HP: 19/22 MP: 2/2
   841 | D:2      | Reached XP level 3. HP: 27/27 MP: 3/3
   913 | D:2      | Found an iron altar of Okawaru.
   913 | D:2      | Noticed Jessica
   924 | D:2      | Killed Jessica
   925 | D:2      | Became a worshipper of Warmaster Okawaru
  1044 | D:2      | Noticed Terence
  1050 | D:2      | Killed Terence
  1050 | D:2      | Reached skill level 4 in Axes
  1050 | D:2      | Gained mutation: You have large cloven feet. [demonic ancestry]
  1050 | D:2      | Reached XP level 4. HP: 32/33 MP: 4/4
  1646 | D:3      | Noticed Natasha
  1657 | D:3      | Killed Natasha
  1657 | D:3      | Reached XP level 5. HP: 18/39 MP: 5/5
  1673 | D:3      | Reached skill level 1 in Armour
  1674 | D:3      | Found a glowing drain.
  1704 | Sewer    | Entered a sewer
  2303 | Sewer    | Reached skill level 5 in Axes
  2323 | Sewer    | Found a white marble altar of Elyvilon.
  2672 | D:4      | Noticed Eustachio
  2674 | D:4      | Noticed a slave
  2677 | D:4      | Noticed a slave
  2677 | D:4      | Noticed Pikel
  2677 | D:4      | Noticed a slave
  2678 | D:4      | Noticed a slave
  2689 | D:3      | Gained mutation: You are mostly covered in yellow scales. (AC +3) [demonic ancestry]
  2689 | D:3      | Reached XP level 6. HP: 46/46 MP: 6/6
  2725 | D:4      | Found a shimmering altar of Xom.
  2725 | D:4      | Noticed an angel
  2738 | D:3      | Killed a slave
  2816 | D:4      | Found a glowing silver altar of Zin.
  2897 | D:4      | Killed Pikel
  2897 | D:4      | Reached * piety under Okawaru
  2897 | D:4      | Reached skill level 6 in Axes
  2897 | D:4      | Reached XP level 7. HP: 34/52 MP: 7/7
  3053 | D:4      | Found a staircase to the Ecumenical Temple.
  3176 | D:4      | Killed Eustachio
  3176 | D:4      | Reached ** piety under Okawaru
  3176 | D:4      | Reached skill level 1 in Stealth
  3453 | D:5      | Entered Level 5 of the Dungeon
  3539 | D:5      | Reached XP level 8. HP: 60/60 MP: 8/8
  3634 | D:5      | Reached skill level 7 in Axes
  3726 | D:5      | Found Qianuz's Book Shop.
  3983 | D:6      | Reached *** piety under Okawaru
  3985 | D:6      | Noticed Grinder
  4456 | D:6      | Paralysed by Grinder for 5 turns
  4479 | D:6      | Killed Grinder
  4631 | D:6      | Reached skill level 8 in Axes
  4842 | D:6      | Found the +4 Vampire's Tooth {vamp}
  4956 | D:6      | Reached XP level 9. HP: 67/67 MP: 9/9
  4967 | D:6      | Reached skill level 5 in Fighting
  5339 | D:7      | Reached **** piety under Okawaru
  5437 | D:6      | Reached skill level 9 in Axes
  5858 | D:6      | Reached skill level 5 in Dodging
  6563 | D:7      | Reached skill level 5 in Armour
  6782 | D:8      | Noticed a tengu conjurer
  6782 | D:8      | Noticed a tengu conjurer
  6783 | D:8      | Noticed Maurice
  7444 | D:8      | Killed a tengu conjurer
  7461 | D:8      | Killed a tengu conjurer
  7461 | D:8      | Reached XP level 10. HP: 40/76 MP: 10/10
  8190 | D:8      | Killed Maurice
  8210 | D:8      | Reached skill level 1 in Invocations
  8735 | D:8      | Found a glowing silver altar of Zin.
  9290 | D:8      | Reached skill level 10 in Axes
  9626 | D:9      | Noticed a manticore
  9649 | D:9      | Killed a manticore
  9649 | D:9      | Reached ***** piety under Okawaru
  9656 | D:9      | Found a sparkling altar of Nemelex Xobeh.
  9705 | D:9      | Found a snail-covered altar of Cheibriados.
  9733 | D:9      | Found Xeredat's Jewellery Shop.
  9745 | D:9      | Received a gift from Okawaru
  9760 | D:9      | Found a blossoming altar of Fedhas.
  9810 | D:9      | Noticed a centaur warrior
  9834 | D:9      | Killed a centaur warrior
 10401 | D:9      | Found a stormy altar of Qazlal.
 10610 | D:9      | Found a radiant altar of Vehumet.
 10688 | D:9      | Got a crude ring mail
 10699 | D:9      | Identified the +5 ring mail "Fept" {rPois rC- MR+++ Slay-4} (You found it on level 9 of the Dungeon)
 10863 | D:10     | Entered Level 10 of the Dungeon
 10867 | D:10     | Noticed a two-headed ogre
 10882 | D:10     | HP: 3/79 [two-headed ogre/dire flail (16)]
 10884 | D:10     | Mangled by a two-headed ogre

Vault maps used:
D:1:      minmay_arrival_doors, serial_curves, eino_curves_02, eino_curves_02,
          eino_curves_04, eino_curves_02
D:2:      lemuel_crystal_altar, uniq_terence, uniq_jessica
D:3:      portal_sewer_entry_f, kennysheep_generic_room_14, uniq_natasha
D:4:      grunt_temple_overflow_order_and_chaos_1, temple_doors_e, first_ration,
          uniq_pikel, uniq_eustachio
D:5:      serial_shops, kennysheep_little_box
D:6:      minmay_guarded_unrand_vampires_tooth, uniq_grinder
D:7:      wad_pebble_path
D:8:      basic_altar, blue_anna_alchemist, uniq_maurice
D:9:      grunt_temple_overflow_forces_of_nature, vehumet_statue,
          nemelex_xobeh_ov_fountains_minmay, lemuel_doored_altar, serial_shops,
          nicolae_shop_behind_doors
D:10:     nicolae_looking_at_the_future, uniq_sonja
Sewer:    sewer_kobolds

Skill      XL: |  1  2  3  4  5  6  7  8  9 10 |
---------------+-------------------------------+-----
Axes           | 3 4 5 6 8 9 10 | 10.8
Dodging        | 3 4 5 |  5.8
Armour         | 1 2 4 5 6 |  6.9
Fighting       | 3 4 6 7 |  7.5
Stealth        | 1 2 |  2.0
Invocations    | 2 |  2.1
Throwing       | |  1.9

Action                   |  1- 3 |  4- 6 |  7- 9 | 10-12 || total
-------------------------+-------+-------+-------+-------++-------
Melee: War axe           |    78 |    85 |       |       ||   163
       Kick              |       |    30 |    97 |       ||   127
       Hand axe          |       |    35 |   466 |   324 ||   825
       Punch             |       |       |     2 |       ||     2
Invok: Heroism           |       |       |     5 |    12 ||    17
Evoke: Wand              |       |       |       |     1 ||     1
  Use: Scroll            |       |     1 |     1 |       ||     2
       Potion            |       |       |     1 |       ||     1
 Stab: Sleeping          |     2 |       |       |       ||     2
  Eat: Chunk             |       |     5 |     8 |     6 ||    19
       Ration            |       |       |     3 |     3 ||     6
Armor: Leather armour    |    29 |       |       |       ||    29
       Scale mail        |       |    74 |   141 |       ||   215
       Chain mail        |       |       |   124 |   169 ||   293
Dodge: Dodged            |    87 |    96 |   325 |   158 ||   666

Table legend:
 A = Spawn XP
 B = Non-spawn XP
 C = Spawn XP percentage of total XP
 D = Spawn monster count
 E = Non-spawn monster count
 F = Spawn count percentage of total count
 G = Total turns spent on level
                    A         B        C        D         E        F      G
               +---------+---------+-------+---------+---------+-------+---------
         Total |       0 |   10549 |   0.0 |       0 |     212 |   0.0 | 10884
               +---------+---------+-------+---------+---------+-------+---------
           D:1 |       0 |      29 |   0.0 |       0 |      15 |   0.0 |   492
           D:2 |       0 |      99 |   0.0 |       0 |      13 |   0.0 |   874
           D:3 |       0 |     115 |   0.0 |       0 |      25 |   0.0 |   726
           D:4 |       0 |     963 |   0.0 |       0 |       9 |   0.0 |   697
           D:5 |       0 |     589 |   0.0 |       0 |      18 |   0.0 |  1315
           D:6 |       0 |    1055 |   0.0 |       0 |      30 |   0.0 |   897
           D:7 |       0 |    1915 |   0.0 |       0 |      43 |   0.0 |  2169
           D:8 |       0 |    2248 |   0.0 |       0 |      22 |   0.0 |  1708
           D:9 |       0 |    3306 |   0.0 |       0 |      25 |   0.0 |  1321
          D:10 |       0 |      93 |   0.0 |       0 |       1 |   0.0 |    21
         Sewer |       0 |     137 |   0.0 |       0 |      11 |   0.0 |   664
               +---------+---------+-------+---------+---------+-------+---------
